 Dungeon Crawl Stone Soup version 0.28-a0-1524-ge72afd5fc6 (webtiles) character file.

Game seed: 11586492261371342858

571 knot the Chopper (level 7, 48/52 HPs)
             Began as a Demonspawn Berserker on Jan 18, 2022.
             Was a Priest of Trog.
             Quit the game on level 4 of the Dungeon.
             The game lasted 00:04:26 (3417 turns).

knot the Chopper (Demonspawn Berserker)             Turns: 3417, Time: 00:04:26

Health: 48/52      AC:  6    Str: 17    XL:     7   Next: 12%
Magic:  7/7        EV: 11    Int: 13    God:    Trog [***...]
Gold:   150        SH:  0    Dex: 13    Spells: 6/6 levels left

rFire   . . .      SeeInvis .   p - +11 dagger of Insomnia {flame, Int+3}
rCold   . . .      Faith    .   (no shield)
rNeg    . . .      Spirit   .   g - +0 ring mail
rPois   .          Reflect  .   i - +0 helmet
rElec   .          Harm     .   (no cloak)
rCorr   .          Rampage  .   (no gloves)
Will    .....                   (no boots)
Stlth   +.........              k - amulet of regeneration
HPRegen 0.97/turn               (no ring)
MPRegen 0.10/turn               (no ring)

@: no status effects
A: powered by pain 1, sturdy frame 1, weakness stinger 1
a: Renounce Religion, Berserk, Trog's Hand


You were on level 4 of the Dungeon.
You worshipped Trog.
Trog was most pleased with you.
You visited 1 branch of the dungeon, and saw 4 of its levels.

You collected 150 gold pieces.

Inventory:

Hand Weapons
 a - a +0 hand axe
 p - the +11 dagger of Insomnia (weapon) {flame, Int+3}
   (You found it on level 3 of the Dungeon)

   It burns those it strikes, dealing additional fire damage.
   Int:       It affects your intelligence (+3).
 s - a +0 war axe
Missiles
 c - 40 sling bullets
 e - 108 stones
 o - 5 poisoned darts (quivered)
Armour
 g - a +0 ring mail (worn)
 i - a +0 helmet (worn)
 t - a +0 robe of cold resistance
Jewellery
 f - an amulet of reflection
 k - an amulet of regeneration (around neck)
 n - a +6 ring of strength
Wands
 q - a wand of iceblast (10)
Scrolls
 d - a scroll of enchant armour {unknown}
 h - 4 scrolls of identify {unknown}
 j - 2 scrolls of noise {unknown}
 r - a scroll of blinking {unknown}
 u - a scroll of magic mapping {unknown}
Potions
 b - 2 potions of might {unknown}
 l - 2 potions of curing {unknown}
 m - 2 potions of magic {unknown}


   Skills:
 - Level 3.0 Fighting
 * Level 6.2 Axes
 * Level 3.9 Throwing
 - Level 1.7 Armour
 - Level 1.7 Dodging


You had 6 spell levels left.
You didn't know any spells.
Your spell library contained the following spells:

 Spells                   Type           Power      Damage    Failure   Level
 Conjure Flame            Conj/Fire      0%         6-21      77%         3
 Ignite Poison            Fire/Tmut/Pois 0%         N/A       77%         3
 Sticky Flame             Conj/Fire      0%         2d3       99%         4


Dungeon Overview and Level Annotations

Branches:
Dungeon (4/15)             Temple (0/1) D:4

Altars:
Cheibriados
Makhleb
Qazlal
Sif Muna

Shops:
D:3 *


Innate Abilities, Weirdness & Mutations

You sometimes gain a little power by taking damage.
Your movements are slightly less encumbered by armour. (ER -2)
You have a small tail.


Message History

An adder comes into view.
The adder moves out of view.
You hit the hobgoblin but do no damage.
The hobgoblin hits you but does no damage.
The adder hisses angrily.
You puncture the hobgoblin! You burn the hobgoblin.
You kill the hobgoblin!
Trog accepts your kill.
You hit the hobgoblin. You burn the hobgoblin.
You kill the hobgoblin!
Trog accepts your kill.
No reachable target in view!
No reachable target in view!
No reachable target in view!
No reachable target in view!
An adder is nearby!
No reachable target in view!
The teleport trap disappears.
The adder disappears!
A phantom comes into view.
Found a shimmering blue altar of Sif Muna.
The phantom barely misses you.
You puncture the phantom! You burn the phantom.
The phantom is moderately damaged.
The phantom hits you but does no damage.
You hit the phantom. You burn the phantom.
The phantom is heavily damaged.
The phantom completely misses you.
You closely miss the phantom.
Your tail-slap misses the phantom.
The phantom is heavily damaged.
The phantom hits you.
You hit the phantom. You burn the phantom.
The phantom is severely damaged.
The phantom misses you.
You puncture the phantom! You burn the phantom.
You destroy the phantom!
Trog accepts your kill.
You have reached level 7!
Your demonic ancestry asserts itself...
You feel energised by your suffering.
Are you sure you want to abandon this character and quit the game? (Confirm with "yes".)

...#...# #'##.. .......#
#.##.# ##.....#####.##.#
# #...#)###....##.###.#
#..##.............#.#
..#####.............##.#
.......................#
#######.....####.####..
##....#...@...#
##...#.......#
##..#.......#
##.^..._...^.
#.#.......#.#
#.#.......#.# #
#.......# # #########


There were no monsters in sight!

Vanquished Creatures
  2 phantoms (D:4)
  A bullfrog (D:4)
  A scorpion (D:4)
  A hound (D:4)
  An iguana (D:4)
  An orc wizard (D:3)
  4 gnolls (D:4)
  7 adders
  An ufetubus (D:3)
  2 worms (D:2)
  5 orcs
  8 endoplasms
  A giant cockroach (D:1)
  8 goblins
  4 hobgoblins
  11 jackals
  2 quokkas
  5 ball pythons
  12 bats
  5 frilled lizards
  9 kobolds
  5 rats
96 creatures vanquished.

Notes
Turn   | Place    | Note
-------+----------+-------------------------------------------
     0 | D:1      | knot the Demonspawn Berserker began the quest for the Orb.
     0 | D:1      | Reached XP level 1. HP: 18/18 MP: 1/1
   306 | D:1      | Reached skill level 3 in Axes
   502 | D:1      | Gained mutation: You have a small tail. [demonic ancestry]
   502 | D:1      | Reached XP level 2. HP: 24/24 MP: 2/2
  1076 | D:1      | Gained mutation: Your movements are slightly less
                  | encumbered by armour. (ER -2) [demonic ancestry]
  1076 | D:1      | Reached XP level 3. HP: 29/29 MP: 3/3
  1286 | D:2      | Reached ** piety under Trog
  1296 | D:2      | Reached skill level 4 in Axes
  1680 | D:2      | Reached XP level 4. HP: 29/35 MP: 4/4
  2085 | D:3      | Found a snail-covered altar of Cheibriados.
  2225 | D:3      | Found Loew's Assorted Antiques.
  2263 | D:3      | Found a burning altar of Makhleb.
  2398 | D:3      | Identified the +11 dagger of Insomnia {flame, Int+3}
  2454 | D:3      | Reached *** piety under Trog
  2592 | D:3      | Reached skill level 1 in Throwing
  2716 | D:3      | Reached XP level 5. HP: 41/41 MP: 5/5
  2882 | D:3      | Reached skill level 5 in Axes
  3106 | D:4      | Found a stormy altar of Qazlal.
  3107 | D:4      | Noticed a phantom
  3117 | D:4      | Killed a phantom
  3118 | D:4      | Reached XP level 6. HP: 36/47 MP: 6/6
  3313 | D:4      | Reached skill level 6 in Axes
  3380 | D:4      | Found a staircase to the Ecumenical Temple.
  3409 | D:4      | Found a shimmering blue altar of Sif Muna.
  3417 | D:4      | Gained mutation: You sometimes gain a little power by
                  | taking damage. [demonic ancestry]
  3417 | D:4      | Reached XP level 7. HP: 48/52 MP: 7/7
  3417 | D:4      | Quit the game

Illustrated notes

Levels and vault maps discovered:
D:1:      dpeg_arrival_simpleton_c, layout_loops_corners
D:2:      layout_loops_ring
D:3:      layout_loops_corners, lightli_temple_of_fire,
          mainiacjoe_overflow_catwalk, serial_shops, shop
D:4:      layout_loops_corners, lemuel_tele_altar,
          mainiacjoe_overflow_cross_hatched, minmay_temple_entry_tees

Skill      XL: |  1  2  3  4  5  6 |
---------------+-------------------+-----
Axes           | 3 4 5 6 |  6.2
Throwing       | 1 3 |  3.9
Fighting       | |  3.0
Armour         | |  1.7
Dodging        | |  1.7

Action                   |  1- 3 |  4- 6 |  7- 9 || total
-------------------------+-------+-------+-------++-------
Melee: Hand axe          |   165 |    33 |       ||   198
       Tailslap          |    18 |     9 |       ||    27
       Punch             |     1 |     2 |       ||     3
       Dagger            |       |    79 |       ||    79
Throw: Dart              |       |    23 |       ||    23
       Stone             |       |     6 |       ||     6
 Stab: Sleeping          |     2 |       |       ||     2
Armor: Animal skin       |    10 |       |       ||    10
       Ring mail         |    44 |    29 |       ||    73
Dodge: Dodged            |    97 |    66 |       ||   163
Block: Other             |    22 |       |       ||    22

Table legend: (Time is in decaauts)
 A = Elapsed time spent in this place.
 B = Non-inter-level travel time spent in this place.
 C = Inter-level travel time spent in this place.
 D = Time resting spent in this place.
 E = Time spent auto-exploring this place.
 F = Levels seen in this place.
 G = Mean time per level.
                   A        B        C        D        E       F      G
               +--------+--------+--------+--------+--------+-----+--------+
         Total |   3436 |   3303 |    133 |    164 |   2469 |   4 |  859.0 |
       Dungeon |   3436 |   3303 |    133 |    164 |   2469 |   4 |  859.0 |
               +--------+--------+--------+--------+--------+-----+--------+

Top non-repeatable levels by time:
     D:1: 1217 daAuts
     D:3: 941 daAuts
     D:2: 864 daAuts
     D:4: 412 daAuts
